 Dungeon Crawl Stone Soup version 0.28.0-62-gf88900778d (webtiles) character file.

Game seed: 15257709859749683401

20001 cbfl8 the Severer (level 12, 0/107 HPs)
             Began as a Hill Orc Berserker on July 21, 2023.
             Was a Priest of Trog.
             Slain by a torpor snail (16 damage)
             ... summoned by an orange crystal statue
             ... in a Gauntlet.
             The game lasted 00:21:59 (21130 turns).

cbfl8 the Severer (Hill Orc Berserker)             Turns: 21130, Time: 00:22:00

Health: 0/107      AC: 21    Str: 20 (21) XL:     12   Next: 74%
Magic:  3/12       EV:  5    Int: -5 (7)  God:    Trog [***...]
Gold:   528        SH:  8    Dex: 12 (14) Spells: 11/11 levels left

rFire   x . .      SeeInvis .   E - +0 war axe (freeze)
rCold   + + .      Faith    .   C - +0 kite shield
rNeg    . . .      Spirit   .   x - +2 plate armour {rC+}
rPois   .          Reflect  .   z - +0 helmet
rElec   .          Harm     .   (no cloak)
rCorr   .          Rampage  .   u - +0 pair of gloves
Will    ++...      Clarity  +   o - +0 pair of boots
Stlth   .......... NoTele   +   (no amulet)
HPRegen 1.27/turn               r - ring of ice
MPRegen 0.13/turn               (no ring)

@: brilliant, strong-willed, regenerating, slowed, lost intelligence, studying
Dodging, unable to read, very slow
A: clarity, screaming 1
a: Renounce Religion, Berserk, Trog's Hand


You were in a Gauntlet.
You worshipped Trog.
Trog was most pleased with you.
You visited 1 branch of the dungeon, and saw 11 of its levels.
You also visited: Bailey and Gauntlet.

You collected 736 gold pieces.
You spent 208 gold pieces at shops.

Inventory:

Hand Weapons
 j - a +2 war axe of pain
 y - a +2 broad axe
 E - a +0 war axe of freezing (weapon)
 G - a +1 hand axe of flaming
Missiles
 v - 2 silver boomerangs
Armour
 o - a +0 pair of boots (worn)
 u - a +0 pair of gloves (worn)
 x - a +2 plate armour of cold resistance (worn)
 z - a +0 helmet (worn)
 C - a +0 kite shield (worn)
 H - the +3 pair of seven-league boots {Rampage+∞}
   (You found it in a Gauntlet)

   Its wearer moves as far as possible in that direction when moving towards
   enemies.
Jewellery
 r - a ring of ice (left hand)
Wands
 m - a wand of mindburst (1)
 D - a wand of digging (5) (quivered)
Scrolls
 a - 3 scrolls of fear {unknown}
 e - 3 scrolls of teleportation
 f - 2 scrolls of immolation
 l - 2 scrolls of fog
 n - 3 scrolls of enchant armour
 s - a scroll of magic mapping {unknown}
 w - a scroll of amnesia {unknown}
 F - a scroll of blinking
Potions
 b - 2 potions of flight
 c - 3 potions of degeneration
 g - a potion of magic {unknown}
 h - 2 potions of haste
 i - a potion of invisibility {unknown}
 k - a potion of mutation
 p - 2 potions of heal wounds {unknown}
 q - 4 potions of brilliance
 t - 2 potions of might
 A - a potion of resistance {unknown}
 B - a potion of cancellation {unknown}


   Skills:
 + Level 10.5 Fighting
 + Level 15.9 Axes
 + Level 4.1 Throwing
 + Level 10.7 Armour
 + Level 2.2 Dodging
 + Level 2.2 Stealth
 + Level 3.8 Shields
 * Level 9.2 Evocations


You had 11 spell levels left.
You didn't know any spells.
Your spell library was empty.

Dungeon Overview and Level Annotations

Branches:
Dungeon (11/15)            Temple (0/1) D:4            Lair (0/6) D:8
 Bailey (visited)         Gauntlet (1/1)
    Orc: D:9-12

Altars:
Dithmenos
Kikubaaqudgha
Makhleb
Okawaru
Ru
Uskayaw
Yredelemnul
The Shining One

Shops:
D:8 *

Annotations:
Gauntlet 11 transporters, 5 runed translucent doors, exclusions: obsidian statue and orange crystal statue


Innate Abilities, Weirdness & Mutations

You possess an exceptional clarity of mind.
You occasionally shout uncontrollably at your foes.


Message History

Your two-headed ogre hits the torpor snail with a +0 giant club!!
You miss the flying skull.
The flying skull is lightly damaged.
The flying skull hits you but does no damage. x2
The torpor snail bites your two-headed ogre but does no damage.
The orange crystal statue fixes its piercing gaze on you.
Something tries to feed on your intellect!
Unknown command.
You slash the flying skull! You freeze the flying skull.
The flying skull is severely damaged.
The flying skull hits you.
The orange crystal statue glitters.
The flying skull barely misses you.
You miss the flying skull.
The flying skull is severely damaged.
The flying skull hits you but does no damage.
Your two-headed ogre hits you with a +0 giant club!!
* * * LOW HITPOINT WARNING * * *
Your two-headed ogre barely misses you.
The flying skull barely misses you.
Unknown command.
Unknown command.
You miss the flying skull.
The flying skull is severely damaged.
You hit the torpor snail. You freeze the torpor snail.
You feel a little less mighty now. You block the flying skull's attack.
Your two-headed ogre hits itself with a +0 giant club!!!
Your two-headed ogre dies!
Your two-headed ogre's corpse disappears in a puff of smoke!
The torpor snail bites you but does no damage.
The flying skull hits you but does no damage.
The orange crystal statue glitters.
You miss the flying skull.
The flying skull is severely damaged.
You hit the torpor snail. You freeze the torpor snail.
You recover from your berserk rage.
The flying skull hits you.
* * * LOW HITPOINT WARNING * * *
The torpor snail bites you!
You die...

#≈#≈#§#≈#≈################
§.....§....#≈#≈#≈#≈#≈#≈#≈##
....8....................≈#
...........8.....8.....8.##
##########..............§≈#
.........#...#########...##
.##.##.#x#...#..#.##.#...≈#
[...#...x######.##§.##...##
[#.##.##x#...###@§#.##...≈#
©..#©.#XX#©8©#©z#w##.#©8.##
}.##.##.x#...##.##pJ##...≈#
.X#.x#..x#######..#.##...##
.##.##.#.#...#..#.##8#...≈#
......X..#...#########...##
##########...............≈#
...........8.....8.....8.##
....8.....................##


You could see an orange crystal statue, a torpor snail (summoned), a wizard
(summoned), a flying skull (summoned) and a jelly (summoned).

Vanquished Creatures
  A sphinx (D:10)
  An ettin (D:10)
  A great orb of eyes (D:10)
  5 two-headed ogres
  A centaur warrior (D:10)
  A deep elf knight (D:10)
  A deep troll (D:10)
  3 orc knights (Bailey)
  A phantasmal warrior (D:10)
  A manticore (D:10)
  A cyclops (D:10)
  2 komodo dragons
  A troll (D:10)
  2 kobold demonologists (Bailey)
  3 wyverns
  3 wraiths
  2 humans (D:7)
  10 yaks
  A steam dragon (D:7)
  An acid dragon (D:10)
  11 orc warriors
  A black bear (D:6)
  An ice beast (D:5)
  A necrophage (D:7)
  A phantom (D:5)
  12 centaurs
  A kobold brigand (D:10)
  3 bullfrogs
  2 gnoll sergeants
  4 scorpions
  2 water moccasin zombies (D:6)
  3 water moccasin skeletons
  11 killer bees
  8 wights
  6 electric eels
  2 lava snakes (D:8)
  9 howler monkeys
  3 bullfrog zombies
  A gnoll shaman (D:8)
  4 hounds
  3 centaur zombies (D:10)
  2 jellies (D:6)
  5 orc priests
  2 iguanas (D:5)
  11 orc wizards
  Natasha (thrice) (D:3)
  15 gnolls
  13 adders
  A howler monkey simulacrum (D:10)
  A worm (D:3)
  A dart slug (D:1)
  50 orcs
  5 bats
  9 endoplasms
  A giant cockroach (D:4)
  12 goblins
  11 hobgoblins
  5 jackals (D:3)
  7 quokkas
  7 ball pythons
  5 frilled lizards
  3 kobolds
  3 rats
303 creatures vanquished.

Vanquished Creatures (others)
  2 plants (D:8)
  14 withered plants (Gauntlet)
16 creatures vanquished.

Grand Total: 319 creatures vanquished

Notes
Turn   | Place    | Note
-------+----------+-------------------------------------------
     0 | D:1      | cbfl8 the Hill Orc Berserker began the quest for the Orb.
     0 | D:1      | Reached XP level 1. HP: 19/19 MP: 1/1
   223 | D:1      | Reached XP level 2. HP: 14/27 MP: 2/2
   814 | D:1      | Reached XP level 3. HP: 28/33 MP: 3/3
   897 | D:1      | You fall into a shaft and drop 1 floor!
  1316 | D:2      | Reached skill level 1 in Evocations
  1416 | D:2      | Reached skill level 5 in Axes
  1449 | D:2      | Reached XP level 4. HP: 3/41 MP: 4/4
  2418 | D:3      | Reached XP level 5. HP: 37/47 MP: 5/5
  2422 | D:3      | Reached ** piety under Trog
  2647 | D:3      | Noticed Natasha
  2662 | D:3      | Killed Natasha
  2921 | D:3      | Noticed Natasha
  2929 | D:3      | Killed Natasha
  3211 | D:3      | Noticed Natasha
  3223 | D:3      | Killed Natasha
  3224 | D:3      | Reached skill level 6 in Axes
  3224 | D:3      | Reached XP level 6. HP: 25/53 MP: 6/6
  4064 | D:4      | Found an ancient bone altar of Kikubaaqudgha.
  4104 | D:4      | Reached skill level 5 in Fighting
  4154 | D:4      | Reached XP level 7. HP: 61/61 MP: 7/7
  4390 | D:4      | Found a sacrificial altar of Ru.
  4445 | D:4      | Found a staircase to the Ecumenical Temple.
  4492 | D:5      | Entered Level 5 of the Dungeon
  4508 | D:5      | Reached skill level 7 in Axes
  4993 | D:5      | Found a shadowy altar of Dithmenos.
  5030 | D:5      | Reached *** piety under Trog
  5050 | D:5      | Reached skill level 8 in Axes
  5238 | D:5      | Reached XP level 8. HP: 63/69 MP: 8/8
  5712 | D:6      | Reached skill level 9 in Axes
  5951 | D:6      | Reached skill level 5 in Armour
  6359 | D:6      | Reached skill level 1 in Stealth
  6394 | D:6      | Reached skill level 5 in Evocations
  7127 | D:6      | Found the +1 Delatra's gloves {ID++}
  7192 | D:6      | Reached XP level 9. HP: 71/78 MP: 9/9
  7342 | D:6      | Found a burning altar of Makhleb.
  7700 | D:7      | Reached skill level 10 in Axes
  7700 | D:7      | Reached skill level 1 in Throwing
  8010 | D:7      | Found an iron altar of Okawaru.
  8644 | D:7      | Found a basalt altar of Yredelemnul.
  8688 | D:7      | Reached skill level 11 in Axes
  8758 | D:7      | Found a hide-covered altar of Uskayaw.
  8770 | D:7      | Noticed a +0 hand axe
  8770 | D:7      | Noticed a +0 hand axe
  9314 | D:8      | Identified the +4 rapier of Doom {vorpal, Int+3 Dex+6}
  9439 | D:8      | Found a staircase to the Lair.
  9440 | D:8      | Noticed a komodo dragon
  9454 | D:8      | Killed a komodo dragon
  9455 | D:8      | Reached XP level 10. HP: 25/86 MP: 10/10
  9572 | D:8      | Noticed a two-headed ogre
  9641 | D:8      | Found Lanah's General Store.
  9646 | D:8      | Bought a potion of might for 52 gold pieces
  9646 | D:8      | Bought a potion of might for 52 gold pieces
  9646 | D:8      | Bought a wand of mindburst (2) for 78 gold pieces
  9646 | D:8      | Bought a scroll of identify for 26 gold pieces
  9889 | D:8      | HP: 6/129 [two-headed ogre/+0 giant club (7)]
  9891 | D:8      | Killed a two-headed ogre
  9903 | D:8      | Found a flagged portal.
  9937 | Bailey   | Entered a bailey
 10319 | Bailey   | Noticed an orc knight
 10333 | Bailey   | Killed an orc knight
 10334 | Bailey   | Reached skill level 12 in Axes
 10431 | Bailey   | Noticed an orc knight
 10446 | Bailey   | Killed an orc knight
 10690 | Bailey   | Noticed a kobold demonologist
 10696 | Bailey   | Killed a kobold demonologist
 11623 | Bailey   | Noticed an orc knight
 11789 | Bailey   | Killed an orc knight
 13118 | Bailey   | Acquired a manual of Dodging
 13156 | Bailey   | Found an iron altar of Okawaru.
 13156 | Bailey   | Noticed a kobold demonologist
 13169 | Bailey   | Killed a kobold demonologist
 13170 | Bailey   | Reached XP level 11. HP: 95/95 MP: 11/11
 13579 | D:8      | Reached **** piety under Trog
 14097 | D:9      | Reached skill level 13 in Axes
 15006 | D:9      | Reached skill level 1 in Shields
 15482 | D:9      | Found a glowing golden altar of the Shining One.
 15844 | D:10     | Entered Level 10 of the Dungeon
 16148 | D:10     | Noticed a two-headed ogre
 16155 | D:10     | Killed a two-headed ogre
 16156 | D:10     | Reached skill level 14 in Axes
 16306 | D:10     | Noticed a two-headed ogre
 16313 | D:10     | Killed a two-headed ogre
 16558 | D:10     | Noticed a deep elf knight
 16573 | D:10     | Killed a deep elf knight
 16909 | D:10     | Noticed a cyclops
 16913 | D:10     | Killed a cyclops
 16914 | D:10     | Reached XP level 12. HP: 34/105 MP: 12/12
 17625 | D:10     | Noticed a great orb of eyes
 17630 | D:10     | Reached skill level 10 in Armour
 17634 | D:10     | Reached skill level 15 in Axes
 17643 | D:10     | Killed a great orb of eyes
 18155 | D:10     | Reached skill level 10 in Fighting
 18246 | D:10     | Noticed a two-headed ogre
 18254 | D:10     | Killed a two-headed ogre
 18358 | D:10     | Noticed an ettin
 18369 | D:10     | Killed an ettin
 18799 | D:10     | Noticed a two-headed ogre
 18813 | D:10     | Killed a two-headed ogre
 19065 | D:10     | Noticed a sphinx
 19079 | D:10     | Killed a sphinx
 19341 | D:10     | Noticed a centaur warrior
 19347 | D:10     | Killed a centaur warrior
 20493 | D:11     | Found a gate leading to a gauntlet.
 20502 | Gauntlet | Entered a Gauntlet
 20502 | Gauntlet | Found a transporter.
 20505 | Gauntlet | Found a transporter.
 20518 | Gauntlet | Found a transporter.
 20521 | Gauntlet | Found a transporter.
 20537 | Gauntlet | Found a transporter.
 20550 | Gauntlet | Found a runed translucent gate.
 20551 | Gauntlet | Found a transporter.
 20551 | Gauntlet | Found a runed translucent gate.
 20554 | Gauntlet | Found a transporter.
 20558 | Gauntlet | Found a transporter.
 20559 | Gauntlet | Found the +3 pair of seven-league boots {Rampage+∞}
 20560 | Gauntlet | Found a runed translucent gate.
 20577 | Gauntlet | Found a transporter.
 20577 | Gauntlet | Noticed a death yak
 20579 | Gauntlet | Noticed a death yak
 20581 | Gauntlet | Noticed a death yak
 20583 | Gauntlet | Noticed a death yak
 20594 | Gauntlet | Found a transporter.
 20598 | Gauntlet | Found a transporter.
 20602 | Gauntlet | Found a runed translucent door.
 20602 | Gauntlet | Found a runed translucent door.
 20604 | Gauntlet | Noticed a great orb of eyes
 20606 | Gauntlet | Found a transporter.
 21094 | Gauntlet | Lost intelligence.
 21099 | Gauntlet | Gained mutation: You possess an exceptional clarity of
                  | mind. [potion of mutation]
 21099 | Gauntlet | Gained mutation: You occasionally shout uncontrollably at
                  | your foes. [potion of mutation]
 21100 | Gauntlet | Paralysed by a floating eye for 3 turns
 21106 | Gauntlet | Paralysed by a floating eye for 3 turns
 21111 | Gauntlet | Paralysed by a floating eye for 2 turns
 21130 | Gauntlet | Slain by a torpor snail

Illustrated notes

Levels and vault maps discovered:
D:1:      wander_arrival_chamber, layout_loops_ring,
          chequers_serial_rivers_micro_b
D:2:      layout_basic, minmay_snake_closets
D:3:      layout_rooms, minmay_goblin_outpost, uniq_natasha
D:4:      minmay_wonky_spiral, layout_rooms, mainiacjoe_overflow_tiny_flanked,
          mainiacjoe_overflow_alcove_2, minmay_temple_entry_poolview
D:5:      layout_basic, grunt_dithmenos_smoke_and_mirrors, serial_glass,
          glass_columns_c, glass_columns_b, glass_columns_c, glass_columns_a,
          glass_columns_a, glass_columns_c, glass_columns_a, glass_columns_a
D:6:      layout_gridville, lemuel_round_altar, pf_guarded_unrand_delatra
D:7:      layout_basic, dancing_weapons_uskayaw, okawaru_humans,
          lemuel_round_altar, nicolae_concentric_dashed_squares_mild
D:8:      layout_loops_ring, david_lair_shrubbed, enter_bailey_1, serial_shops,
          nicolae_shop_hallway_plus, minmay_misc_feat_room,
          nicolae_lava_and_water
D:9:      layout_roguey, nicolae_tso_swordbearing_angel
D:10:     nzn_winding_woodlands_stair_cross
          [nzn_winding_woodlands_5x15_sawtooth,
          nzn_winding_woodlands_center_pierced_h,
          nzn_winding_woodlands_5x15_eye, nzn_winding_woodlands_5x5_perimeter,
          nzn_winding_woodlands_5x5_open_star,
          nzn_winding_woodlands_5x15_pockets,
          nzn_winding_woodlands_center_triple_pond,
          nzn_winding_woodlands_5x15_concentric], layout_basic
D:11:     layout_basic, gauntlet_entry_generic
Gauntlet: minmay_gauntlet_mixed_oops_all_seconds
          [minmay_gauntlet_arena_77_tiled_triplets,
          gammafunk_gauntlet_arena_mazey, minmay_gauntlet_arena_77_shame_cube,
          nicolae_gauntlet_arena_grate_2, minmay_gauntlet_arena_77_run_for_it,
          gammafunk_gauntlet_arena_arrow_garden, gauntlet_exit_hidden_loot]

Skill      XL: |  1  2  3  4  5  6  7  8  9 10 11 12 |
---------------+-------------------------------------+-----
Fighting       | 4 5 6 7 8 9 10 | 10.5
Evocations     | 1 2 3 4 5 6 7 8 9 |  9.2
Axes           | 5 6 8 9 11 12 14 15 | 15.9
Armour         | 3 4 5 7 8 9 10 | 10.7
Stealth        | 1 2 |  2.2
Throwing       | 2 4 |  4.1
Shields        | 2 3 |  3.8
Dodging        | 2 |  2.2

Action                   |  1- 3 |  4- 6 |  7- 9 | 10-12 || total
-------------------------+-------+-------+-------+-------++-------
Melee: Hand axe          |    91 |   176 |       |       ||   267
       Punch             |       |     2 |     5 |       ||     7
       War axe           |       |    21 |   313 |   238 ||   572
       Broad axe         |       |       |       |   307 ||   307
Invok: Berserk           |       |     3 |     7 |    20 ||    30
       Trog's Hand       |       |       |       |     4 ||     4
       Brothers in Arms  |       |       |       |     1 ||     1
Evoke: Wand              |       |       |     6 |     5 ||    11
  Use: Scroll            |       |     4 |     6 |     7 ||    17
       Potion            |       |       |       |     8 ||     8
Armor: Animal skin       |    10 |       |       |       ||    10
       Scale mail        |    14 |    94 |   101 |       ||   209
       Plate armour      |       |       |    57 |   431 ||   488
Dodge: Dodged            |    57 |   130 |   161 |   164 ||   512
Block: Buckler           |       |       |       |    41 ||    41
       Kite shield       |       |       |       |   116 ||   116
